 Dungeon Crawl Stone Soup version 0.30-a0-953-g5f1da4a474 (webtiles) character file.

Game seed: 8110062591743507092

3234 lunkers the Basher (level 10, -1/77 HPs)
             Began as a Meteoran Fighter on Mar 28, 2023.
             Was a Priest of Nemelex Xobeh.
             Slain by Joseph
             ... wielding a +2 heavy quarterstaff
              (21 damage)
             ... on level 8 of the Dungeon.
             The game lasted 00:13:46 (2913 turns).

lunkers the Basher (Meteoran Fighter)               Turns: 2913, Time: 00:13:46

Health: -1/77      AC: 13    Str: 22    XL:     10   Next: 41%
Magic:  19/19      EV: 10    Int: 16    God:    Nemelex Xobeh [***...]
Gold:   315        SH:  5    Dex: 14    Spells: 9/9 levels left

rFire   . . .      SeeInvis .    w - +0 morningstar
rCold   . . .      Faith    .    c - +0 buckler
rNeg    . . .      Spirit   .    t - +0 swamp dragon scales
rPois   +          Reflect  .    (no helmet)
rElec   .          Rampage  .    v - +2 cloak {rPois}
rCorr   .                        (no gloves)
Will    +....                    k - +1 pair of boots
Stlth   +                        (no amulet)
HPRegen 0.32/turn                e - +6 ring of intelligence
MPRegen 0.16/turn                (no ring)

@: glowing, studying Short Blades
A: sense surroundings 2, otherworldly, glowing, explore regen
a: Renounce Religion, Draw Escape, Draw Destruction, Draw Summoning, Triple Draw


You were on level 8 of the Dungeon.
You worshipped Nemelex Xobeh.
Nemelex Xobeh was most pleased with you.
You visited 2 branches of the dungeon, and saw 9 of its levels.

You collected 315 gold pieces.

Inventory:

Hand Weapons
 a - a +1 flail
 w - a +0 morningstar (weapon)
Armour
 c - a +0 buckler (worn)
 k - a +1 pair of boots (worn)
 n - a +0 scale mail of cold resistance
 t - +0 swamp dragon scales (worn)
 v - a +2 cloak of poison resistance (worn)
Jewellery
 e - a +6 ring of intelligence (left hand)
Wands
 j - a wand of flame (45)
 q - a wand of roots (4)
 y - a wand of polymorph (13)
 D - a wand of charming (4)
Scrolls
 f - a scroll of enchant weapon
 i - 2 scrolls of fear
 o - 7 scrolls of teleportation
 A - a scroll of fog
Potions
 d - a potion of degeneration {unknown}
 g - 3 potions of haste
 h - 4 potions of cancellation
 l - 3 potions of lignification
 m - 3 potions of resistance
 p - a potion of flight {unknown}
 r - a potion of invisibility {unknown}
 s - 3 potions of heal wounds
 u - 6 potions of curing
 x - a potion of berserk rage {unknown}
 z - a potion of brilliance {unknown}


   Skills:
 + Level 3.2 Fighting
 * Level 13.2 Maces & Flails
 + Level 3.6 Armour
 + Level 0.0 Dodging
 - Level 3.6 Shields
 + Level 11.9 Invocations


You had 9 spell levels left.
You didn't know any spells.
Your spell library contained the following spells:

 Spells                   Type           Power      Damage    Failure   Level
 Alistair's Intoxication  Tmut/Pois      0%         N/A       100%        5
 Borgnjor's Vile Clutch   Necr/Erth      0%         N/A       100%        5
 Eringya's Noxious Bog    Tmut/Pois      0%         N/A       100%        6


Dungeon Overview and Level Annotations

Branches:
Dungeon (8/15) Zot: 1889   Temple (1/1) D:6 Zot: 558
   Lair: D:8-11

Altars:
Ashenzari
Cheibriados
Dithmenos
Elyvilon
Fedhas
Kikubaaqudgha
Makhleb
Nemelex Xobeh
Okawaru
Qazlal
Ru
Sif Muna
Uskayaw
Vehumet
Wu Jian
Zin
The Shining One

Shops:
D:3 :   D:4 (

Annotations:
D:4 Blork the orc
D:8 exclusion: ice statue, Joseph


Innate Abilities, Weirdness & Mutations

You passively map the area around you.
You are easily found by Zot.
You glow in the dark.
You regain HP and MP as you explore.


Message History

As you read the scroll of identify, it crumbles to dust.
s - 3 potions of heal wounds
As you read the scroll labelled UTZIST FOEQOE, it crumbles to dust.
Your body is wracked with pain!
* * * LOW HITPOINT WARNING * * *
It was a scroll of torment.
Joseph is nearby!
Joseph shouts!
You hear a shout!
Joseph unwields a +2 heavy quarterstaff.
Joseph wields a +0 sling.
Joseph shoots a sling bullet.
The sling bullet hits you!
* * * LOW HITPOINT WARNING * * *
You are too injured to fight recklessly!
Okay, then.
The ufetubus shouts!
You hear a shout!
Joseph shoots a sling bullet.
The sling bullet hits you!
* * * LOW HITPOINT WARNING * * *
Joseph unwields a +0 sling.
Joseph wields a +2 heavy quarterstaff.
You block Joseph's attack.
You hit Joseph.
Joseph is lightly wounded.
You barely miss Joseph.
Joseph is lightly wounded.
You block Joseph's attack.
You thump Joseph!
Joseph is moderately wounded.
You block Joseph's attack.
You closely miss Joseph.
Joseph is moderately wounded.
You sock Joseph!
Joseph is heavily wounded.
Joseph hits you with a +2 heavy quarterstaff!
* * * LOW HITPOINT WARNING * * *
You puncture Joseph!
Joseph is heavily wounded.
You sock Joseph!
Joseph is almost dead.
Joseph hits you with a +2 heavy quarterstaff!!
You die...
Your body glows with a rainbow of weird colours and disappears.

#.#.#########.. ≈~.##.##54≈≈..
#.#...........*≈~..#!)$#.5~≈#.
#[#..........##≈~...)8[..54≈##
#.............#≈4..#$[)#.44≈#.
####.........#..≈≈5.##.##.~≈≈..
#.............#..≈5 .....~~≈..#
#.##.............#* ~...~~##..#
#.#......<#.#.@.#** ≈~~~≈≈###.#
#.......#...#.@.##..≈≈≈≈≈..##.#
#.......#.#.#........# #......#
#.......#†#.#..#####.. , #.....
#.......#.#.#......# , ##.####
#....####.#....###.### #......
#....# #.###........# #......
#....# #.# #........# #......
###....# #.# #........# #......
.......# #.# #........# #......


You could see Joseph, an ice devil and 2 ufetubi.

Vanquished Creatures
  Maurice (D:8)
  Maggie (D:8)
  Grinder (D:3)
  Sigmund (D:5)
  3 yaks (D:8)
  2 ice beasts (D:5)
  2 black bears
  2 ogres
  A centaur (D:8)
  A phantom (D:7)
  A kobold brigand (D:7)
  3 bullfrogs
  2 scorpions
  3 howler monkeys (D:7)
  5 hounds
  3 jellies
  Crazy Yiuf (D:3)
  2 sleepcaps
  Natasha (D:3)
  4 iguanas
  2 orc wizards (D:7)
  A gnoll (D:1)
  7 adders
  2 shadow imps
  An ufetubus (D:4)
  7 worms
  2 dart slugs
  11 orcs
  7 endoplasms
  4 giant cockroaches
  6 goblins
  8 hobgoblins
  12 jackals
  3 quokkas (D:4)
  A ball python (D:4)
  2 bats
  3 frilled lizards
  11 kobolds
  3 rats
133 creatures vanquished.

Notes
Turn   | Place    | Note
-------+----------+-------------------------------------------
     0 | D:1      | lunkers the Meteoran Fighter began the quest for the Orb.
     0 | D:1      | Reached XP level 1. HP: 19/19 MP: 2/2
    52 | D:1      | Reached skill level 3 in Maces & Flails
    59 | D:1      | Reached XP level 2. HP: 17/26 MP: 3/3
   193 | D:1      | Reached skill level 4 in Maces & Flails
   201 | D:1      | Reached XP level 3. HP: 16/31 MP: 4/4
   293 | D:1      | Reached skill level 5 in Maces & Flails
   385 | D:1      | Reached XP level 4. HP: 38/38 MP: 5/5
   546 | D:2      | Found a faded altar of an unknown god.
   559 | D:2      | Prayed at the altar of an unknown god.
   559 | D:2      | Became a worshipper of Nemelex Xobeh the Trickster
   559 | D:2      | Reached * piety under Nemelex Xobeh
   559 | D:2      | Received a gift from Nemelex Xobeh
   772 | D:3      | Found a runed translucent door.
   773 | D:3      | Noticed Crazy Yiuf
   805 | D:3      | Reached skill level 1 in Invocations
   832 | D:3      | Killed Crazy Yiuf
   833 | D:3      | Reached skill level 6 in Maces & Flails
   833 | D:3      | Reached XP level 5. HP: 39/45 MP: 5/7
   887 | D:4      | Noticed Blork the orc
   887 | D:4      | Found Anuomn's Weapon Emporium.
   915 | D:3      | Reached XP level 6. HP: 19/51 MP: 7/9
   930 | D:3      | Noticed Grinder
   934 | D:3      | Found Lehonka's Book Shop.
   934 | D:3      | Paralysed by Grinder for 5 turns
   952 | D:3      | Killed Grinder
   953 | D:3      | Reached skill level 7 in Maces & Flails
   953 | D:3      | Reached XP level 7. HP: 6/57 MP: 9/11
   968 | D:3      | Noticed Natasha
   975 | D:3      | Killed Natasha
   994 | D:4      | Reached ** piety under Nemelex Xobeh
  1018 | D:4      | Reached skill level 8 in Maces & Flails
  1018 | D:4      | Reached skill level 5 in Invocations
  1021 | D:4      | Reached XP level 8. HP: 15/63 MP: 11/13
  1279 | D:4      | Reached skill level 9 in Maces & Flails
  1353 | D:5      | Entered Level 5 of the Dungeon
  1397 | D:5      | HP: 3/63 [acid (8)]
  1453 | D:5      | Found a glowing silver altar of Zin.
  1564 | D:5      | Noticed Sigmund
  1574 | D:5      | Killed Sigmund
  1575 | D:5      | Reached skill level 10 in Maces & Flails
  1575 | D:5      | Gained mutation: You passively map the area around you.
                  | [Meteoran growth]
  1575 | D:5      | Reached XP level 9. HP: 67/70 MP: 14/16
  1593 | D:5      | Found a hide-covered altar of Uskayaw.
  1635 | D:5      | Identified the +0 scale mail of Greed {+Blink}
  1807 | D:6      | Found a staircase to the Ecumenical Temple.
  1836 | Temple   | Entered the Ecumenical Temple
  1886 | D:6      | Reached skill level 11 in Maces & Flails
  2007 | D:7      | Found a broken altar of Ashenzari.
  2021 | D:7      | Found a radiant altar of Vehumet.
  2024 | D:7      | Found a glowing golden altar of the Shining One.
  2027 | D:7      | Found an ancient bone altar of Kikubaaqudgha.
  2133 | D:7      | Reached *** piety under Nemelex Xobeh
  2136 | D:7      | Found a burning altar of Makhleb.
  2153 | D:7      | Reached skill level 10 in Invocations
  2421 | D:8      | Received a gift from Nemelex Xobeh
  2448 | D:8      | Reached skill level 12 in Maces & Flails
  2448 | D:8      | Reached XP level 10. HP: 34/77 MP: 17/19
  2474 | D:8      | Noticed Joseph
  2475 | D:8      | Noticed Maurice
  2513 | D:8      | Noticed Maggie
  2525 | D:8      | Killed Maggie
  2652 | D:8      | Identified the +0 robe of Mental Paralysis {Will+ Str+4
                  | Slay-5}
  2733 | D:8      | Found a sacrificial altar of Ru.
  2770 | D:8      | Noticed an ice devil
  2770 | D:8      | Noticed an ice devil
  2770 | D:8      | Noticed an ice devil
  2772 | D:8      | Noticed an ice devil
  2789 | D:8      | Noticed an ice statue
  2797 | D:8      | Noticed an ice devil
  2885 | D:8      | Killed Maurice
  2886 | D:8      | Reached skill level 13 in Maces & Flails
  2913 | D:8      | Slain by Joseph

Illustrated notes

Levels and vault maps discovered:
D:1:      giann_wishing_wells, layout_loops_ring, st_stairs_5,
          serial_park_tiny_pond, columned_hall_lemuel
D:2:      layout_loops_ring, hellmonk_ecumenical_altar_arch_garden
D:3:      layout_rooms, mainiacjoe_overflow_cross_hatched, serial_shops,
          nicolae_square_shop, corexii_item_surrounded_by_moat,
          minmay_misc_feat_cross, minmay_distorted, uniq_natasha, uniq_grinder,
          uniq_crazy_yiuf_cottage
D:4:      layout_cave_pools, serial_shops, nicolae_stop_n_shop_2,
          minmay_manual_mail, uniq_blork_the_orc
D:5:      layout_cave_pools, mainiacjoe_overflow_tiny_flanked, zin_academy,
          uniq_sigmund
D:6:      layout_layer_cave, overflow_temple_1_default,
          minmay_temple_entry_junction_2, palyth_stone_intersect,
          minmay_misc_feat_square, chequers_serial_rivers_room_b, uniq_pikel
D:7:      layout_loops_ring, regret_index_temple_of_mockery,
          lemuel_doored_altar, grunt_temple_overflow_cloverleaf
D:8:      cheibrodos_frozen_isle, layout_basic, nicolae_ru_sacrificial_ziggurat,
          uniq_joseph, uniq_maggie, uniq_maurice
Temple:   nicolae_temple_ecumenical_triangle

Skill      XL: |  1  2  3  4  5  6  7  8  9 10 |
---------------+-------------------------------+-----
Maces & Flails | 3 4 5 6 7 8 10 12 13 | 13.2
Invocations    | 1 2 4 6 8 10 11 | 11.9
Fighting       | |  3.2
Armour         | |  3.6
Shields        | |  3.6

Action                     |  1- 3 |  4- 6 |  7- 9 | 10-12 || total
---------------------------+-------+-------+-------+-------++-------
  Melee: Flail             |    86 |    94 |    19 |       ||   199
         Morningstar       |       |       |   272 |    53 ||   325
 Invoke: Draw Destruction  |       |     2 |     1 |     2 ||     5
  Evoke: Wand              |       |     1 |     6 |       ||     7
    Use: Scroll            |     1 |       |    10 |     2 ||    13
         Potion            |       |     1 |       |       ||     1
 Armour: Scale mail        |    41 |    43 |   142 |     6 ||   232
         Swamp dragon scal |       |       |       |    26 ||    26
  Dodge: Dodged            |    33 |    31 |    88 |    14 ||   166
  Block: Buckler           |    22 |    22 |    73 |    10 ||   127

Table legend: (Time is in decaauts)
 A = Elapsed time spent in this place.
 B = Non-inter-level travel time spent in this place.
 C = Inter-level travel time spent in this place.
 D = Time resting spent in this place.
 E = Time spent auto-exploring this place.
 F = Levels seen in this place.
 G = Mean time per level.
                   A        B        C        D        E       F      G
               +--------+--------+--------+--------+--------+-----+--------+
         Total |   2951 |   2850 |    101 |      0 |   1567 |   9 |  327.9 |
       Dungeon |   2909 |   2813 |     96 |      0 |   1539 |   8 |  363.6 |
        Temple |     41 |     36 |      5 |      0 |     28 |   1 |   41.0 |
               +--------+--------+--------+--------+--------+-----+--------+

Top non-repeatable levels by time:
     D:7: 551 daAuts
     D:8: 451 daAuts
     D:5: 428 daAuts
     D:1: 409 daAuts
     D:3: 407 daAuts
     D:4: 370 daAuts
     D:2: 206 daAuts
     D:6: 85 daAuts
  Temple: 41 daAuts
